 Dungeon Crawl Stone Soup version 0.17.1-3-g152610e (webtiles) character file.

10285 Jerry the Protected (level 11, -6/81 HPs)
             Began as a Demigod Fighter on Mar 31, 2016.
             Mangled by a hill giant
             ... wielding a +0 giant club
              (33 damage)
             ... on level 10 of the Dungeon on Apr 1, 2016.
             The game lasted 00:52:25 (9596 turns).

Jerry the Protected (Demigod Fighter)               Turns: 9596, Time: 00:52:25

Health: -6/81      AC: 18    Str: 25    XL:     11   Next: 12%
Magic:  14/14      EV:  9    Int: 12    God:
Gold:   148        SH: 13    Dex: 19    Spells: 0 memorised, 10 levels left

rFire  . . .     SeeInvis .     I - +2 long sword (slice)
rCold  . . .     Clarity  .     U - +5 ring mail of Purchitisch {Regen+ Dex+4}
rNeg   . . .     SustAt   +     c - +0 shield
rPois  .         Gourm    .     t - +2 helmet
rElec  .         Spirit   .     N - +0 cloak
rCorr  .         Warding  .     (no gloves)
rMut   .         Stasis   .     M - +0 pair of boots
MR     +++..                    p - amulet of rage
Stlth  +.........               B - ring of protection from magic
                                j - ring of protection from magic

@: exhausted, slowed, very slow, extremely resistant to hostile enchantments,
very unstealthy
A: high mp 1, sustain attributes
a: Evoke Berserk Rage


You were on level 10 of the Dungeon.
You were not hungry.

You visited 1 branch of the dungeon, and saw 10 of its levels.

You collected 598 gold pieces.
You spent 450 gold pieces at shops.

Inventory:

Hand Weapons
 I - a +2 long sword of slicing (weapon)
Armour
 c - a +0 shield (worn)
 t - a +2 helmet (worn)
 M - a +0 pair of boots (worn)
 N - a +0 cloak (worn)
 R - a +2 buckler
 U - the +5 ring mail of Purchitisch (worn) {Regen+ Dex+4}
   (You bought it in a shop on level 7 of the Dungeon)

   It affects your dexterity (+4).
   It increases your rate of regeneration.
Jewellery
 j - a ring of protection from magic (left hand)
 p - an amulet of rage (around neck)
 u - an uncursed ring of fire
 z - an uncursed ring of ice
 B - a ring of protection from magic (right hand)
 E - an uncursed ring of positive energy
 F - an uncursed amulet of resist mutation
 Y - an uncursed ring of ice
Wands
 a - a wand of slowing (26)
 s - a wand of digging (17)
 y - a wand of slowing (27)
 C - a wand of polymorph (10)
 G - a wand of magic darts (27)
 L - a wand of teleportation (1)
 Q - a wand of confusion (14)
 S - a wand of frost (26)
 T - a wand of fireball (8)
 W - a wand of enslavement (12)
Scrolls
 d - 3 scrolls of teleportation
 h - 11 scrolls of remove curse
 i - a scroll of enchant armour
 k - 6 scrolls of identify
 l - 2 scrolls of fog
 n - 4 scrolls of blinking
 P - a scroll of noise
Potions
 f - 2 potions of cancellation
 m - 2 potions of flight
 o - a potion of magic
 D - 2 potions of haste
 H - 3 potions of ambrosia
 K - 6 potions of curing
 O - a potion of berserk rage
 V - 2 potions of lignification {unknown}
Books
 g - the Volume of Toxic Shape Shifting
   (You found it on level 8 of the Dungeon)

   Spells                             Type                      Level
   a - Beastly Appendage              Transmutation                1
   b - Stoneskin                      Transmutation/Earth          2
   c - Spider Form                    Transmutation/Poison         3
   d - Alistair's Intoxication        Transmutation/Poison         4
   e - Irradiate                      Conjuration/Transmutation    5
 r - a Fen Folio

   Spells                             Type                      Level
   a - Corpse Rot                     Necromancy                   2
   b - Stone Arrow                    Conjuration/Earth            3
   c - Leda's Liquefaction            Hexes/Earth                  4
   d - Summon Forest                  Summoning/Translocation      5
   e - Hydra Form                     Transmutation                6
   f - Summon Hydra                   Summoning                    7
 J - a book of Envenomations

   Spells                             Type                      Level
   a - Spider Form                    Transmutation/Poison         3
   b - Alistair's Intoxication        Transmutation/Poison         4
   c - Olgreb's Toxic Radiance        Poison                       4
   d - Poisonous Cloud                Conjuration/Poison/Air       6
Miscellaneous
 X - a phantom mirror
Comestibles
 b - 8 chunks of flesh
 e - 3 bread rations
 q - 2 beef jerkies
 v - 2 meat rations
 w - 7 slices of pizza
 A - 12 fruits


   Skills:
 - Level 2.6 Fighting
 + Level 9.8 Long Blades
 + Level 10.0 Armour
 + Level 9.9 Shields


You had 10 spell levels left.
You didn't know any spells.

Dungeon Overview and Level Annotations

Branches:
Dungeon (10/15)            Temple (0/1) D:6
   Lair: D:8-11         Orc: D:9-12

Shops:
D:4 *   D:6 [   D:7 }[


Innate Abilities, Weirdness & Mutations

You have an increased reservoir of magic (+10% MP).
Your attributes are resistant to harm.


Message History

You hit the hill giant.
The hill giant is lightly wounded.
The hill giant hits you but does no damage.
You slash the hill giant!
The hill giant is moderately wounded.
You block the hill giant's attack.
You hit the hill giant.
The hill giant is moderately wounded.
The hill giant hits you with a giant club!
You slash the hill giant!
The hill giant is heavily wounded.
The hill giant hits you with a giant club.
You hit the hill giant.
The hill giant is heavily wounded.
The hill giant hits you but does no damage.
You block the hill giant's attack.
You slash the hill giant!
The hill giant is severely wounded.
The hill giant hits you with a giant club!!
You die...

#.# ##.# ... #.#
##.## #..)# ###
##)## ..# # ###C##
### #.# #.
#...@#...#.# #.#
#.#######.......#
#.#
#....#....#......
#.#
##....#.######....
#.# ##.....#.# ...
#.# ##........# .#
#.# #.........# #
..# #.........#
### #...<.....#


You could see a hill giant.

Vanquished Creatures
  Fannar (D:10)
  A rakshasa (D:10)
  Erolcha (D:9)
  A skeletal warrior (D:10)
  Joseph (D:7)
  An efreet (D:10)
  3 trolls
  A two-headed ogre (D:9)
  6 yaks
  A wyvern (D:10)
  A hippogriff (D:10)
  Grum (D:9)
  3 wolves (D:9)
  Duvessa (D:7)
  2 ice beasts
  A black bear (D:9)
  5 orc warriors
  2 ogres (D:5)
  A necrophage (D:9)
  2 phantoms
  A sky beast (D:10)
  3 centaurs
  3 big kobolds (D:8)
  9 giant frogs
  Dowan (D:7)
  5 scorpions
  6 killer bees (D:8)
  3 wights (D:7)
  8 crimson imps
  A giant frog zombie (D:6)
  3 orc priests
  4 hounds
  2 giant frog skeletons (D:10)
  4 jellies
  2 centaur skeletons
  3 iguanas
  9 worker ants
  7 orc wizards
  A killer bee zombie (D:10)
  2 sheep (D:8)
  3 hound skeletons
  2 hound zombies
  A mummy (D:4)
  2 worker ant zombies (D:9)
  Robin (D:3)
  3 gnolls
  A shadow imp (D:10)
  10 adders
  2 adder skeletons
  3 worms
  5 giant geckos
  34 orcs
  7 giant cockroaches
  A hobgoblin (D:1)
  A ball python (D:5)
  6 bats
  A giant gecko skeleton (D:8)
  3 giant newts
  12 goblins
  10 jackals
  5 kobolds
  4 orc zombies (D:4)
  5 quokkas
  A quokka zombie (D:6)
  2 rats
238 creatures vanquished.

Vanquished Creatures (others)
  An adder zombie (D:10)
  An orc (D:10)
2 creatures vanquished.

Grand Total: 240 creatures vanquished

Notes
Turn   | Place    | Note
--------------------------------------------------------------
     0 | D:1      | Jerry the Demigod Fighter began the quest for the Orb.
     0 | D:1      | Reached XP level 1. HP: 18/18 MP: 3/3
   412 | D:1      | Reached skill level 3 in Armour
   441 | D:1      | Reached XP level 2. HP: 25/25 MP: 4/4
   740 | D:2      | Found a glowing silver altar of Zin.
   740 | D:2      | Found a stormy altar of Qazlal.
  1075 | D:2      | Reached XP level 3. HP: 30/30 MP: 5/5
  1565 | D:3      | Noticed Robin
  1587 | D:3      | Killed Robin
  1837 | D:3      | Found a bloodstained altar of Trog.
  1978 | D:3      | Reached XP level 4. HP: 30/37 MP: 6/6
  2643 | D:4      | Reached XP level 5. HP: 14/42 MP: 7/7
  2665 | D:4      | HP: 2/42 [poisoned by a worker ant]
  2673 | D:4      | HP: 1/42 [poisoned by a worker ant]
  2949 | D:4      | Found Mutseeb's Assorted Antiques.
  3200 | D:4      | Found a snail-covered altar of Cheibriados.
  3564 | D:4      | Reached skill level 4 in Shields
  3578 | D:5      | Entered Level 5 of the Dungeon
  3642 | D:5      | Noticed an ogre
  3660 | D:5      | Killed an ogre
  3660 | D:5      | Reached XP level 6. HP: 26/50 MP: 8/8
  3995 | D:5      | Noticed an ogre
  4010 | D:5      | Killed an ogre
  4526 | D:5      | Reached XP level 7. HP: 44/56 MP: 9/9
  4737 | D:6      | Reached skill level 5 in Armour
  4737 | D:6      | Reached skill level 5 in Shields
  4956 | D:6      | Reached skill level 5 in Long Blades
  5013 | D:6      | Found Feapnu's Antique Armour Boutique.
  5018 | D:6      | Bought a pair of boots for 135 gold pieces
  5018 | D:6      | Bought a cloak for 135 gold pieces
  5121 | D:6      | Found a staircase to the Ecumenical Temple.
  5314 | D:7      | Found a shadowy altar of Dithmenos.
  5349 | D:7      | Noticed Joseph
  5377 | D:7      | Killed Joseph
  5377 | D:7      | Reached skill level 6 in Armour
  5377 | D:7      | Reached XP level 8. HP: 24/62 MP: 10/10
  5604 | D:7      | Found a burning altar of Makhleb.
  5695 | D:7      | Found Kierr's Gadget Emporium.
  5869 | D:7      | Found Jiruo's Antique Armour Emporium.
  5960 | D:7      | Noticed Duvessa
  5960 | D:7      | Noticed Dowan
  5968 | D:7      | Killed Duvessa
  5982 | D:7      | Killed Dowan
  6513 | D:8      | Reached skill level 7 in Armour
  6513 | D:8      | Reached XP level 9. HP: 23/68 MP: 11/11
  6788 | D:8      | Noticed a three-headed hydra
  6851 | D:8      | Found a radiant altar of Vehumet.
  6854 | D:8      | Found a bloodstained altar of Trog.
  6860 | D:8      | Found a basalt altar of Yredelemnul.
  6978 | D:7      | Bought a crude ring mail for 180 gold pieces
  6988 | D:7      | Identified the +5 ring mail of Purchitisch {Regen+ Dex+4} (You bought it in a shop on level 7 of the Dungeon)
  7199 | D:9      | Noticed Erolcha
  7417 | D:8      | Identified the Volume of Toxic Shape Shifting
  7624 | D:8      | Reached skill level 8 in Armour
  7931 | D:9      | Killed Erolcha
  7931 | D:9      | Reached XP level 10. HP: 74/74 MP: 13/13
  8153 | D:9      | Found an opulent altar of Gozag.
  8267 | D:9      | Noticed Grum
  8473 | D:9      | Killed Grum
  8586 | D:9      | Reached skill level 9 in Armour
  8823 | D:10     | Entered Level 10 of the Dungeon
  9028 | D:10     | Noticed a skeletal warrior
  9028 | D:10     | Noticed a hill giant
  9051 | D:10     | Killed a skeletal warrior
  9133 | D:10     | Noticed Fannar
  9161 | D:10     | Killed Fannar
  9487 | D:10     | Reached XP level 11. HP: 59/81 MP: 14/14
  9542 | D:10     | Noticed a rakshasa
  9581 | D:10     | Killed a rakshasa
  9581 | D:10     | Reached skill level 10 in Armour
  9587 | D:10     | Noticed a hill giant
  9596 | D:10     | Mangled by a hill giant

Action                   |  1- 3 |  4- 6 |  7- 9 | 10-12 || total
-------------------------+-------+-------+-------+-------++-------
Melee: Dagger            |   180 |   319 |    29 |       ||   528
       Long sword        |       |       |   449 |   319 ||   768
 Abil: Evoke Berserk Rag |     3 |       |     7 |     3 ||    13
Evoke: Wand              |       |       |     1 |     2 ||     3
  Use: Scroll            |       |    15 |     9 |     2 ||    26
       Potion            |       |       |     2 |     3 ||     5
  Eat: Chunk             |     6 |     8 |    16 |     9 ||    39
